Map: Sanctuary III LE

Players

Mixu

  • Race: Zerg Zerg
  • League: Grandmaster
  • Spawn Location: 1:00

SKillous - Winner!

  • Race: Protoss Protoss
  • League: Grandmaster
  • Spawn Location: 7:00

Event: HomeStory Cup XXIX

VOD

Have the link to the VOD?

Description

Time

  • Played on: July 4, 2026, 11:29 a.m.
  • Length: 12:04

All games in this series

Show
View Real Time Build Order
Export as new Build Order

Mixu Zerg 

Build Orders: Hatch First 

Get SALT Encoding   

  8  0:00  Drone  
  9  0:10  Drone  
  10  0:17  Drone  
  11  0:22  Drone  
  12  0:33  Overlord  
  12  0:40  Extractor  
  12  0:41  Drone  
  13  0:52  Drone x2  
  15  1:01  Drone  
  16  1:19  Drone  
  16  1:20  Hatchery  
  16  1:22  Drone  
  17  1:36  Spawning Pool  
  17  1:39  Drone  
  17  1:42  Extractor  
  17  1:44  Drone  
  17  1:50  Drone  
  18  2:02  Drone  
  19  2:13  Overlord  
  19  2:20  Drone  
  20  2:31  Queen, Zergling x2  
  20  2:33  Queen  
  20  2:34  Drone  
  26  2:40  Zergling x2  
  26  2:43  Drone  
  28  2:47  Metabolic Boost  
  28  2:51  Drone  
  28  2:53  Drone  
  30  3:00  Drone  
  31  3:12  Hatchery  
  30  3:15  Overlord  
  30  3:21  Drone x2  
  32  3:33  Queen, Zergling x2  
  32  3:34  Zergling x2  
  36  3:35  Drone  
  36  3:38  Drone  
  36  3:40  Drone  
  39  3:44  Drone  
  39  3:47  Overlord  
  39  4:01  Drone  
  40  4:03  Overlord  
  40  4:05  Queen  
  40  4:06  Drone  
  43  4:11  Drone x3  
  43  4:15  Overlord  
  46  4:17  Spore Crawler  
  46  4:22  Drone x3  
  47  4:27  Drone x2  
  47  4:28  Drone  
  48  4:32  Drone  
  48  4:36  Drone x4  
  48  4:37  Drone  
  54  4:44  Drone x2  
  56  4:45  Spore Crawler  
  56  4:50  Drone x3  
  57  4:53  Spore Crawler  
  57  4:59  Zergling x6  
  57  5:06  Drone x3  
  54  5:14  Drone x5  
  54  5:18  Drone  
  58  5:26  Evolution Chamber  
  57  5:28  Drone x5  
  57  5:32  Drone  
  57  5:34  Drone x2  
  65  5:38  Drone  
  66  5:47  Drone  
  66  5:48  Drone  
  66  5:49  Overlord  
  67  5:51  Zerg Melee Weapons Level 1  
  67  5:53  Hatchery  
  67  5:56  Overlord  
  66  5:57  Extractor  
  66  6:01  Roach Warren  
  64  6:05  Drone x2  
  64  6:06  Drone x3  
  64  6:08  Lair  
  64  6:09  Zergling x6  
  70  6:12  Overlord  
  70  6:13  Zergling x2  
  70  6:15  Zergling x4  
  70  6:18  Zergling x6  
  76  6:22  Zergling x6, Extractor  
  76  6:23  Extractor  
  77  6:28  Zergling x8  
  77  6:32  Zergling x4  
  82  6:39  Overlord  
  82  6:40  Zergling x2  
  82  6:45  Zergling x8  
  80  6:49  Roach x3  
  80  6:51  Roach x2  
  90  6:55  Overlord  
  90  6:57  Zergling x2  
  91  7:02  Overlord  
  91  7:03  Roach x3  
  95  7:10  Roach x4  
  95  7:14  Zergling x6  
  105  7:27  Zergling x20  
  114  7:39  Ravager x3  
  114  7:40  Zergling x6  
  114  7:42  Overlord  
  120  7:56  Overlord  
  120  8:00  Queen  
  120  8:01  Zergling x6  
  118  8:07  Zergling x6, Roach  
  118  8:08  Zergling x18  
  106  8:20  Drone x9  
  106  8:22  Zerg Missile Weapons Level 1  
  106  8:24  Drone x2  
  106  8:25  Drone  
  118  8:28  Drone  
  118  8:29  Baneling Nest  
  118  8:31  Drone  
  119  8:38  Drone  
  120  8:42  Drone x5  
  120  8:47  Ravager x6  
  120  8:48  Roach x2  
  135  8:53  Overlord  
  135  8:54  Overlord x2  
  135  8:55  Overlord  
  135  8:59  Overlord  
  135  9:03  Glial Reconstitution  
  135  9:04  Overlord  
  135  9:10  Overlord  
  135  9:18  Roach x11  
  157  9:24  Zergling x12  
  163  9:33  Baneling x4  
  163  9:35  Roach x3  
  163  9:37  Baneling, Overlord  
  169  9:40  Roach  
  169  9:41  Overlord  
  169  9:42  Overlord  
  169  9:45  Overlord  
  169  9:46  Roach x3  
  169  9:50  Roach x2  
  169  9:51  Overlord  
  179  9:57  Roach x3, Extractor  
  171  10:09  Roach x5  
  171  10:13  Zergling x8  
  171  10:22  Zergling x8  
  171  10:25  Burrow  
  171  10:26  Tunneling Claws  
  171  10:27  Roach  
  170  10:28  Zergling x6  
  170  10:31  Extractor  
  170  10:33  Roach x2, Extractor  
  175  10:36  Roach  
  177  10:43  Roach x5  
  177  10:44  Zergling x6  
  177  10:48  Roach  
  192  10:54  Roach x3  
  194  10:58  Roach x4  
  194  11:01  Baneling x3  
  194  11:02  Baneling  
  194  11:04  Zergling x4  
  194  11:10  Roach x6  
  180  11:16  Roach x4  
  171  11:20  Roach x3  
  154  11:29  Roach x4  
  135  11:32  Roach  
  135  11:35  Roach x5  
  135  11:37  Roach x3, Zergling x6  
  126  11:43  Roach x2  
Show
View Real Time Build Order
Export as new Build Order

SKillous Protoss - Winner!

Build Orders: 1 Gate Expand, Oracle Opening 

Get SALT Encoding   

  8  0:00  Probe (Chrono Boost)  
  9  0:12  Probe (Chrono Boost)  
  10  0:18  Probe (Chrono Boost)  
  11  0:26  Probe  
  12  0:32  Pylon  
  12  0:38  Probe  
  13  0:51  Probe  
  14  0:58  Gateway  
  14  1:03  Probe (Chrono Boost)  
  15  1:13  Probe (Chrono Boost)  
  15  1:17  Probe (Chrono Boost)  
  17  1:29  Probe  
  18  1:42  Nexus  
  18  1:48  Assimilator  
  18  1:58  Cybernetics Core  
  19  2:01  Probe  
  19  2:06  Assimilator  
  19  2:11  Pylon  
  19  2:14  Probe  
  20  2:26  Probe  
  21  2:31  Adept (Chrono Boost)  
  23  2:38  Probe  
  24  2:50  Probe  
  25  2:55  Probe, Stargate  
  25  2:56  Adept (Chrono Boost)  
  26  3:02  Probe  
  29  3:07  Probe  
  29  3:12  Warp Gate  
  30  3:18  Probe (Chrono Boost)  
  30  3:19  Probe (Chrono Boost)  
  32  3:23  Adept  
  35  3:28  Probe (Chrono Boost)  
  35  3:30  Probe (Chrono Boost)  
  35  3:33  Probe  
  37  3:41  Probe  
  37  3:43  Oracle (Chrono Boost), Pylon  
  37  3:46  Probe  
  42  4:01  Probe x2  
  44  4:05  Stalker  
  44  4:08  Gateway  
  46  4:10  Pylon  
  46  4:13  Probe x2  
  48  4:23  Oracle (Chrono Boost)  
  48  4:25  Probe  
  48  4:28  Probe  
  51  4:33  Nexus  
  51  4:37  Pylon  
  52  4:38  Probe  
  52  4:43  Assimilator  
  52  4:45  Probe  
  52  4:47  Assimilator  
  53  4:57  Probe  
  51  5:02  Probe  
  51  5:05  Sentry x2  
  56  5:11  Probe  
  57  5:14  Probe  
  57  5:17  Gateway  
  57  5:18  Gateway  
  54  5:22  Forge  
  54  5:23  Probe  
  54  5:25  Sentry  
  54  5:26  Probe  
  58  5:29  Sentry  
  58  5:33  Pylon  
  60  5:35  Probe  
  60  5:38  Adept, Probe  
  60  5:40  Shield Battery  
  64  5:43  Adept  
  64  5:48  Probe (Chrono Boost)  
  67  5:51  Probe (Chrono Boost)  
  67  5:52  Protoss Ground Weapons Level 1 (Chrono Boost)  
  67  5:53  Probe (Chrono Boost)  
  69  5:59  Robotics Facility, Pylon  
  69  6:03  Probe (Chrono Boost)  
  71  6:05  Probe (Chrono Boost)  
  71  6:08  Probe (Chrono Boost)  
  71  6:09  Pylon, Probe (Chrono Boost)  
  71  6:12  Probe (Chrono Boost)  
  71  6:15  Adept x4  
  80  6:21  Probe  
  81  6:26  Probe x2  
  81  6:29  Pylon  
  81  6:31  Pylon  
  83  6:33  Probe  
  83  6:38  Probe  
  85  6:47  Probe x2  
  85  6:49  Zealot x4  
  85  6:50  Probe  
  85  6:51  Observer  
  85  6:52  Robotics Bay  
  97  6:55  Assimilator x2  
  97  6:57  Pylon  
  97  6:59  Probe  
  98  7:06  Probe  
  99  7:09  Probe  
  99  7:14  Probe  
  101  7:17  Stalker  
  101  7:18  Stalker x3, Probe  
  101  7:20  Warp Prism (Chrono Boost)  
  113  7:30  Shield Battery x2, Photon Cannon  
  113  7:40  Photon Cannon  
  113  7:44  Extended Thermal Lance  
  112  7:45  Twilight Council  
  112  7:48  Colossus (Chrono Boost), Zealot x2  
  122  8:12  Pylon  
  116  8:14  Pylon x2, Probe x2  
  116  8:15  Probe  
  116  8:19  Stalker x3  
  118  8:21  Protoss Ground Weapons Level 2 (Chrono Boost)  
  118  8:23  Colossus  
  118  8:24  Blink (Chrono Boost)  
  118  8:27  Pylon  
  118  8:29  Probe  
  118  8:30  Photon Cannon, Probe  
  118  8:34  Probe  
  127  8:36  Stalker  
  129  8:45  Stalker x2  
  129  8:46  Stalker x2  
  129  8:48  Pylon  
  137  8:53  Pylon  
  137  9:10  Stalker x3  
  137  9:12  Sentry  
  145  9:18  Colossus  
  145  9:20  Pylon  
  151  9:26  Photon Cannon  
  151  9:27  Stalker x2, Shield Battery, Sentry x2, Pylon  
  159  9:41  Stalker  
  159  9:43  Gateway  
  159  9:45  Stalker, Gateway  
  163  9:46  Gateway, Sentry x2  
  163  9:47  Gateway  
  151  10:09  Stalker  
  151  10:10  Stalker x3  
  157  10:14  Warp Prism  
  157  10:16  Gateway  
  153  10:21  Gateway  
  153  10:29  Probe  
  154  10:36  Probe  
  157  10:50  Pylon  
  157  10:51  Stalker x4  
  132  11:22  Stalker x6  
  132  11:24  Immortal  
  122  11:47  Stalker x6  
  122  11:49  Stalker  
  122  11:52  Probe x2  
  134  12:02  Nexus  
Tags
 
Add a new tag
Caveats
  • Supply blocks, unpowered buildings, or Contaminate may cause inaccurate times.
  • Supply counts are checked every 10 seconds.